 Dungeon Crawl Stone Soup version 0.27.0-1-g7a089689b8 (webtiles) character file.

Game seed: 2926473172046407709

150 oldmanjim the Sneak (level 5, -3/45 HPs)
             Began as a Deep Dwarf Fire Elementalist on Aug 14, 2021.
             Was a Follower of Ashenzari.
             Slain by a gnoll (4 damage)
             ... on level 3 of the Dungeon.
             The game lasted 00:17:19 (2078 turns).

oldmanjim the Sneak (Deep Dwarf Fire Elementalist)  Turns: 2078, Time: 00:17:20

Health: -3/45      AC:  6    Str: 12    XL:     5   Next: 10%
Magic:  5/5        EV: 11    Int: 16    God:    Ashenzari [*.....]
Gold:   86         SH:  0    Dex: 13    Spells: 6/7 levels left

rFire    + . .     SeeInvis .   l - +0 glaive "Hedonism of Ashenzari" {Cun, Melee} (curse)
rCold    . . .     Faith    .   (shield currently unavailable)
rNeg     . . .     Spirit   .   o - +0 ring mail
rPois    .         Reflect  .   (no helmet)
rElec    .         Harm     .   g - +0 cloak
rCorr    .         Rampage  .   (no gloves)
Will     .....                  (no boots)
Stlth    ++........             (no amulet)
HPRegen  0.00/turn              h - ring of wizardry
MPRegen  0.09/turn              n - ring of protection from fire

@: no status effects
A: damage resistance, heal wounds, sense surroundings 1, no regeneration
a: Heal Wounds, Renounce Religion, Curse Item, Shatter the Chains


You were on level 3 of the Dungeon.
You worshipped Ashenzari.
Ashenzari was aware of your devotion.
You visited 1 branch of the dungeon, and saw 3 of its levels.

You collected 86 gold pieces.

Inventory:

Hand Weapons
 a - a +0 dagger
 l - the cursed +0 glaive "Hedonism of Ashenzari" (weapon) {Cun, Melee}
   (You found it on level 2 of the Dungeon)

   It has a curse which improves the following skills: Cunning: Dodging and
   Stealth.
   Melee Combat: Short Blades, Long Blades, Axes, Maces & Flails, Polearms,
   Staves and Unarmed Combat.
Missiles
 b - 75 stones
 e - 15 sling bullets
 i - 47 bolts
 r - 3 javelins
Armour
 d - a +0 robe
 g - a +0 cloak (worn)
 o - a +0 ring mail (worn)
Jewellery
 h - a ring of wizardry (left hand)
 n - a ring of protection from fire (right hand)
Scrolls
 j - a scroll of blinking
 k - a scroll of fear
 p - a scroll of teleportation
Potions
 c - 3 potions of brilliance
 f - a potion of curing
 m - a potion of magic
 q - a potion of cancellation


   Skills:
 - Level 2.0 Fighting
 + Level 2.6(3.5) Axes
 - Level 2.9(3.8) Dodging
 - Level 3.4(4.3) Stealth
 - Level 1.7 Spellcasting
 - Level 2.0 Conjurations
 - Level 2.6 Fire Magic


You had 6 spell levels left.
You knew the following spells:

 Your Spells              Type           Power      Damage    Failure   Level
a - Foxfire               Conj/Fire      32%        2x1d5     8%          1

Your spell library contained the following spells:

 Spells                   Type           Power      Damage    Failure   Level
 Conjure Flame            Conj/Fire      8%         6-21      22%         3
 Inner Flame              Hex/Fire       5%         N/A       32%         3
 Sticky Flame             Conj/Fire      8%         2d3       56%         4
 Fireball                 Conj/Fire      4%         3d4       87%         5


Dungeon Overview and Level Annotations

Branches:
Dungeon (3/15)

Altars:
Ashenzari
Sif Muna

Annotations:
D:3 1 runed translucent door, Crazy Yiuf


Innate Abilities, Weirdness & Mutations

You are resistant to damage.
You can heal yourself by infusing magical energy.
You passively map a small area around you.
You do not regenerate.


Message History

* * * LOW HITPOINT WARNING * * *
The gnoll barely misses you.
The gnoll hits you from afar with a +0 spear.
You closely miss the gnoll. The gnoll closely misses you.
The gnoll hits you from afar with a +0 spear.
The gnoll barely misses you.
You closely miss the gnoll. The gnoll hits you but does no damage.
The gnoll misses you. The gnoll hits you but does no damage.
You hit the gnoll.
The gnoll is moderately wounded.
The gnoll hits you with a +0 whip.
* * * LOW HITPOINT WARNING * * *
The gnoll hits you from afar with a +0 spear.
The gnoll closely misses you.
You barely miss the gnoll.
The gnoll is moderately wounded.
The gnoll hits you but does no damage. The gnoll hits you with a +0 whip.
* * * LOW HITPOINT WARNING * * *
The gnoll hits you from afar with a +0 spear.
* * * LOW HITPOINT WARNING * * *
The gnoll closely misses you.
You barely miss the gnoll.
The gnoll is moderately wounded.
The gnoll hits you from afar with a +0 spear.
The gnoll hits you with a +0 whip. The gnoll hits you but does no damage.
You barely miss the gnoll.
The gnoll is moderately wounded.
The gnoll hits you with a +0 whip.
* * * LOW HITPOINT WARNING * * *
The gnoll barely misses you. The gnoll hits you with a +0 whip.
* * * LOW HITPOINT WARNING * * *
You hit the gnoll but do no damage.
The gnoll is moderately wounded.
The gnoll hits you from afar with a +0 spear.
The gnoll hits you with a +0 whip. The gnoll closely misses you.
The gnoll completely misses you.
You hit the gnoll.
The gnoll is heavily wounded.
The gnoll hits you from afar with a +0 spear.
You die...

, * #..#. ..## * #..#.##...
, * #..#.....#**# *
,##..$.....#,.. * *
#.........#.#.
..#.#...g....... , ,
......g))...... * *, *
,#...@....... *
#.#..)....#. * * ,#
#.#.....# * #.#.#####... ,
* *#.#.# #.......+.....#
#.#.#####.###.#..##.....#
#.#....... ...#..# .....#
#.#.........###..#*.....#
#+#.........#......#*.....#


You could see 2 gnolls.

Vanquished Creatures
  Jessica (D:3)
  An orc wizard (D:3)
  2 gnolls (D:3)
  An adder (D:2)
  2 dart slugs (D:1)
  6 bats
  5 endoplasms
  A giant cockroach (D:1)
  9 goblins
  5 hobgoblins
  6 jackals (D:1)
  3 quokkas
  6 ball pythons
  A frilled lizard (D:1)
  9 kobolds
  4 rats
62 creatures vanquished.

Vanquished Creatures (others)
  40 foxfires (D:1)
40 creatures vanquished.

Grand Total: 102 creatures vanquished

Notes
Turn   | Place    | Note
-------+----------+-------------------------------------------
     0 | D:1      | oldmanjim the Deep Dwarf Fire Elementalist began the quest
                  | for the Orb.
     0 | D:1      | Reached XP level 1. HP: 15/15 MP: 3/3
    69 | D:1      | Reached skill level 1 in Conjurations
   216 | D:1      | Reached XP level 2. HP: 24/24 MP: 0/4
   549 | D:1      | Reached skill level 3 in Stealth
   571 | D:1      | Found a faded altar of an unknown god.
   604 | D:1      | Reached XP level 3. HP: 21/30 MP: 3/5
   606 | D:1      | Became a worshipper of Ashenzari the Shackled
   857 | D:1      | Reached skill level 1 in Fighting
  1475 | D:2      | Reached * piety under Ashenzari
  1494 | D:2      | Reached XP level 4. HP: 25/38 MP: 5/5
  1903 | D:3      | Noticed Jessica
  1914 | D:3      | Killed Jessica
  1915 | D:3      | Reached skill level 1 in Axes
  1933 | D:3      | Found a shimmering blue altar of Sif Muna.
  1940 | D:3      | Identified Sif Muna's Volume of Feathers
  1985 | D:3      | Found a runed translucent door.
  1986 | D:3      | Noticed Crazy Yiuf
  2069 | D:3      | Reached XP level 5. HP: 18/45 MP: 5/5
  2076 | D:3      | HP: 1/45 [gnoll (4)]
  2078 | D:3      | Slain by a gnoll

Illustrated notes

Levels and vault maps discovered:
D:1:      ncdulo_halloftheorcs, layout_loops_ring,
          chequers_ecumenical_altar_island, grunt_decor_clamped
D:2:      layout_rooms, interstate_on_off, hangedman_decor_push
D:3:      layout_basic, led_sif_book, lemuel_tele_altar, minmay_misc_feat_rows,
          uniq_jessica, uniq_robin, uniq_natasha, uniq_crazy_yiuf_cottage

Skill      XL: |  1  2  3  4 |
---------------+-------------+-----
Conjurations   | 1 2 |  2.0
Stealth        | 3 |  3.4
Fighting       | 1 2 |  2.0
Axes           | 2 |  2.6
Dodging        | |  2.9
Spellcasting   | |  1.7
Fire Magic     | |  2.6

Action                   |  1- 3 |  4- 6 || total
-------------------------+-------+-------++-------
Melee: Unarmed           |     8 |       ||     8
       Dagger            |   160 |       ||   160
       Glaive            |     9 |    58 ||    67
 Cast: Foxfire           |    25 |       ||    25
Invok: Curse Item        |     1 |       ||     1
 Abil: Heal Wounds       |     2 |     1 ||     3
 Stab: Sleeping          |     3 |     3 ||     6
Armor: Robe              |    54 |     4 ||    58
       Ring mail         |       |    11 ||    11
Dodge: Dodged            |   152 |    30 ||   182
